Description

ddd

Replay - Platinum 3 - PvZ - Game 2

Build Order

Get SALT Encoding   

  12  0:00  Probe  
  13  0:12  Probe  
  14  0:20  Pylon  
  14  0:24  Probe  
  15  0:38  Probe  
  15  0:39  Gateway  
  16  0:48  Assimilator  
  16  0:50  Probe (Chrono Boost)  
  17  1:00  Probe x2 (Chrono Boost)  
  19  1:17  Probe  
  19  1:28  Nexus  
  19  1:29  Probe  
  20  1:39  Cybernetics Core  
  20  1:43  Probe  
  21  1:49  Assimilator  
  21  1:56  Pylon  
  23  2:13  Stalker (Chrono Boost)  
  23  2:16  Warp Gate  
  27  2:36  Sentry  
  31  2:48  Gateway  
  33  2:51  Robotics Facility  
  35  3:05  Stalker  
  41  3:27  Pylon x2  
  43  3:43  Observer  
  48  4:03  Stalker x2  
  48  4:09  Immortal  
  57  4:11  Nexus  
  57  4:13  Pylon  
  59  4:26  Assimilator x2  
  59  4:34  Stalker x2  
  69  5:00  Immortal  
  77  5:22  Stalker x2  
  87  5:36  Twilight Council  
  87  5:37  Forge x2  
  90  5:50  Immortal  
  97  5:59  Stalker x2  
  97  6:03  Assimilator x2  
  101  6:09  Gateway x2  
  101  6:18  Gateway  
  101  6:25  Protoss Ground Armor Level 1 (Chrono Boost), Protoss Ground Weapons Level 1 (Chrono Boost)  
  104  6:27  Templar Archives  
  104  6:28  Charge  
  104  6:31  Immortal  
  111  6:40  Zealot x2  
  115  6:49  Nexus  
  118  7:07  High Templar x4  
  124  7:12  Zealot  
  124  7:14  Archon x2  
  131  7:17  Immortal  
  138  7:35  Gateway x3  
  141  7:42  Gateway, Assimilator x2  
  141  7:55  Nexus  
  142  8:13  High Templar x4  
  142  8:14  Zealot  
  142  8:18  Archon x2  
  142  8:19  Immortal  
  156  8:27  Protoss Ground Weapons Level 2 (Chrono Boost), Protoss Ground Armor Level 2 (Chrono Boost)  
  156  8:34  Robotics Facility  
  156  8:36  Gateway  
  156  8:39  Zealot x5  
  166  8:50  Zealot  
  174  9:13  Assimilator x2  
  174  9:21  Immortal x2  
  200  9:43  Photon Cannon x2  
  200  9:48  Shield Battery x2  
  200  9:49  Photon Cannon x4  
  200  9:55  Shield Battery  
  200  9:57  Photon Cannon  
Spawning Tool Build Advisor. Get it on Overwolf

Go to:

Details

  • Created by: hannahrose
  • Published on: Oct 01, 2021
  • Modified on: Oct 01, 2021
  • Patch: 4.11.0
  • Difficulty: Easy
Show
View Real Time Build Order
Export as new Build Order

Comments (0)

There are no comments. Be the first!

Create an account to comment!